 Dungeon Crawl Stone Soup version 0.23.2-40-g277498a001 (webtiles) character file.

Game seed: 4032987532194391248

47226 Exodus22XD the Eclecticist (level 14, -9/68 HPs)
             Began as a Deep Elf Wizard on Sept 17, 2019.
             Was a High Priest of Vehumet.
             Mangled by a merfolk
             ... wielding a +0 trident
              (17 damage)
             ... on level 1 of the Shoals.
             The game lasted 02:41:09 (27752 turns).

Exodus22XD the Eclecticist (Deep Elf Wizard)       Turns: 27752, Time: 02:41:10

Health: -9/68      AC:  8    Str:  4    XL:     14   Next: 7%
Magic:  50/53      EV: 13    Int: 29    God:    Vehumet [*****.]
Gold:   564        SH:  0    Dex: 13    Spells: 7/44 levels left

rFire    . . .     SeeInvis .   o - staff of conjuration
rCold    . . .     Gourm    .   (no shield)
rNeg     . . .     Faith    .   R - +0 robe {MR+}
rPois    .         Spirit   .   B - +0 helmet
rElec    .         Reflect  .   u - +0 cloak
rCorr    .         Harm     .   c - +0 pair of gloves
MR       ++...                  f - +2 pair of boots
Stlth    ++........             (no amulet)
HPRegen  0.21/turn              J - ring of magical power
MPRegen  0.33/turn              y - ring of magical power

@: no status effects
A: no striking features
a: Renounce Religion


You were on level 1 of the Shoals.
You worshipped Vehumet.
Vehumet was extremely pleased with you.
You were not hungry.

You visited 4 branches of the dungeon, and saw 21 of its levels.
You also visited: Gauntlet.

You collected 1494 gold pieces.
You spent 930 gold pieces at shops.

Inventory:

Hand Weapons
 A - a +3 quarterstaff of chaos
Armour
 c - a +0 pair of gloves (worn)
 f - a +2 pair of boots (worn)
 u - a +0 cloak (worn)
 B - a +0 helmet (worn)
 R - a +0 robe of magic resistance (worn)
Magical Staves
 o - an uncursed staff of conjuration (weapon)
 P - an uncursed staff of air
Jewellery
 x - an uncursed ring of resist corrosion
 y - a ring of magical power (right hand)
 I - an uncursed ring of fire
 J - a ring of magical power (left hand)
Wands
 g - a wand of iceblast (6)
 m - a wand of paralysis (42)
 q - a wand of acid (26)
 C - a wand of disintegration (17)
 E - a wand of random effects (61)
 G - a wand of flame (41)
 L - a wand of polymorph (12)
 O - a wand of scattershot (4)
Scrolls
 a - a scroll of silence
 e - 14 scrolls of remove curse
 i - 4 scrolls of fear
 j - 3 scrolls of enchant weapon
 k - 13 scrolls of teleportation
 p - a scroll of blinking
 s - 4 scrolls of fog
 w - 3 scrolls of magic mapping
 z - 4 scrolls of immolation
 H - a scroll of torment {unknown}
 M - a scroll of enchant armour {unknown}
 S - a scroll of vulnerability {unknown}
 T - a scroll of noise {unknown}
 V - a scroll of holy word {unknown}
Potions
 b - 2 potions of curing {unknown}
 h - 4 potions of haste
 l - 2 potions of cancellation
 n - a potion of brilliance
 r - 4 potions of flight
 t - 3 potions of might
 D - 2 potions of mutation {unknown}
 F - a potion of berserk rage
 K - 3 potions of magic
 N - 2 potions of agility {unknown}
 U - a potion of invisibility
 X - 2 potions of heal wounds
Comestibles
 d - 44 rations
 v - 5 chunks of flesh


   Skills:
 - Level 0.1 Staves
 - Level 2.4 Dodging
 - Level 2.4 Stealth
 - Level 15.7 Spellcasting
 - Level 12.8 Conjurations
 - Level 10.7 Summonings
 - Level 1.1 Translocations
 - Level 0.6 Transmutations
 - Level 10.5 Fire Magic
 - Level 10.3 Air Magic
 * Level 1.1 Earth Magic
 - Level 6.0 Poison Magic


You had 7 spell levels left.
You knew the following spells:

 Your Spells              Type           Power        Failure   Level  Hunger
a - Searing Ray           Conj           ######       0%          2    None
b - Spellforged Servitor  Conj/Summ      #######...   4%          7    #####..
c - Blink                 Tloc           N/A          1%          2    None
d - Conjure Flame         Conj/Fire      #######.     1%          3    None
e - Mephitic Cloud        Conj/Pois/Air  #######.     1%          3    None
f - Poisonous Vapours     Pois/Air       ######       1%          2    None
g - Orb of Destruction    Conj           #######...   2%          7    #####..
h - Olgreb's Toxic Radia  Pois           ######..     1%          4    None
i - Ignite Poison         Fire/Tmut/Pois ######..     1%          3    None
j - Leda's Liquefaction   Hex/Erth       ####......   16%         4    None

Your spell library contained the following spells:

 Spells                   Type           Power        Failure   Level  Hunger
 Magic Dart               Conj           ####         0%          1    None
 Apportation              Tloc           ####..       1%          1    None
 Confusing Touch          Hex            ###...       1%          1    None
 Corona                   Hex            ###....      1%          1    None
 Pain                     Necr           ###.         1%          1    None
 Sandblast                Erth           ####..       1%          1    None
 Sting                    Conj/Pois      ####         1%          1    None
 Summon Butterflies       Summ           ######..     1%          1    None
 Call Imp                 Summ           ######..     1%          2    None
 Throw Flame              Conj/Fire      ######       1%          2    None
 Dazzling Spray           Conj/Hex       ######       1%          3    None
 Inner Flame              Hex/Fire       ######..     1%          3    None
 Stone Arrow              Conj/Erth      ######       1%          3    None
 Force Lance              Conj/Tloc      #######.     1%          4    None
 Fulminant Prism          Conj/Hex       ######....   1%          4    None
 Iskenderun's Mystic Bla  Conj           #######.     1%          4    None
 Fireball                 Conj/Fire      #######...   1%          5    None
 Lightning Bolt           Conj/Air       #######...   1%          5    None
 Venom Bolt               Conj/Pois      #######...   1%          5    None
 Bolt of Fire             Conj/Fire      #######...   1%          6    ###....
 Passwall                 Tmut/Erth      ####....     2%          2    None
 Slow                     Hex            ###.....     3%          2    None
 Gell's Gravitas          Tloc           ####......   4%          3    None
 Lesser Beckoning         Tloc           ####......   4%          3    None
 Portal Projectile        Hex/Tloc       ####..       4%          3    None
 Confuse                  Hex            ###.....     6%          3    None
 Tukima's Dance           Hex            ###.....     6%          3    None
 Vampiric Draining        Necr           ###.......   6%          3    None
 Lee's Rapid Deconstruct  Erth           ####......   10%         5    None
 Yara's Violent Unravell  Hex/Tmut       ###.......   13%         5    None
 Petrify                  Tmut/Erth      ####....     14%         4    None
 Alistair's Intoxication  Tmut/Pois      #####...     14%         5    None
 Animate Dead             Necr           N/A          21%         4    None
 Cause Fear               Hex            ###.......   21%         4    None
 Blade Hands              Tmut           ####......   41%         5    None
 Metabolic Englaciation   Hex/Ice        ###.......   50%         5    None
 Invisibility             Hex            ###.....     97%         6    ###....
 Ignition                 Fire           ######....   41%         8    ######.


Dungeon Overview and Level Annotations

Branches:
Dungeon (13/15)            Temple (1/1) D:6            Lair (6/6) D:11
 Shoals (1/4) Lair:4       Spider (0/4) Lair:4        Slime (0/5) Lair:5
    Orc (0/2) D:11
 Vaults: D:13-14

Altars:
Cheibriados
Dithmenos
Elyvilon
Fedhas
Gozag
Makhleb
Okawaru
Qazlal
Ru
Sif Muna
Trog
Uskayaw
Vehumet
Wu Jian
Xom
Zin
The Shining One

Shops:
D:8 }:=*   D:10 :*=


Message History

Anything else - Cancel.
Gang up on whom?
Press: ? - help, Dir - move target cursor, f - merfolk
Aim: a merfolk, wielding a +0 trident Attack!
Your spellforged servitor hums quietly as it recharges.
Your spellforged servitor launches a ball of destructive magic.
A hippogriff comes into view.
The wavering orb of destruction hits you!!!
Ouch! That really hurt!
* * * LOW HITPOINT WARNING * * *
The merfolk completely misses you.
Your spellforged servitor conjures an orb of pure magic.
There is a staircase back to the Lair here.
Your spellforged servitor hums quietly as it recharges.
The merfolk hits you from afar with a +0 trident!
* * * LOW HITPOINT WARNING * * *
Your orb of destruction hits a rock wall.
The merfolk hits you from afar with a +0 trident!
You die... ≈≈≈≈≈≈ ≈≈≈≈≈≈≈ ≈≈≈≈≈ ≈≈≈≈≈≈≈ P..≈ ≈≈≈≈≈≈≈ PP.

.≈≈≈≈≈≈ . ..
..≈≈≈≈≈ ... #.
..≈≈≈≈≈
.P.PP#.##m..≈≈≈≈
.PPP..≈@○≈≈≈≈≈≈≈
......≈≈○≈≈≈≈≈≈≈
.P.....8≈≈≈≈≈≈≈≈
PP>≈...H)≈≈≈≈≈≈≈
.≈≈≈...≈≈≈≈≈≈≈≈≈
.≈≈≈.≈≈≈≈≈P≈≈≈≈≈
.≈≈≈≈≈≈≈≈≈≈≈≈≈≈≈
≈≈≈≈≈≈≈≈≈≈≈≈≈≈≈≈


You could see a merfolk, a hippogriff and a friendly spellforged servitor.

Vanquished Creatures
  A dire elephant (Lair:6)
  Snorg (D:11)
  An anaconda (Lair:6)
  4 hydras
  5 death yaks (Lair:6)
  Pikel (D:5)
  A manticore (D:12)
  An ugly thing (D:12)
  2 oklob plants
  2 slime creatures (D:12)
  7 elephants
  2 black mambas
  Psyche (D:11)
  Joseph (D:9)
  A torpor snail (Lair:2)
  A centaur skeleton (D:12)
  7 spiny frogs
  5 komodo dragons
  2 rime drakes
  3 jumping spiders (Lair:4)
  7 tyrant leeches (Lair:2)
  3 polar bears
  12 blink frogs
  5 dream sheep (Lair:5)
  9 hippogriffs
  3 redbacks (Lair:4)
  26 yaks
  A wraith (D:12)
  2 wyverns
  A basilisk (Lair:4)
  Grum (Lair:1)
  3 hungry ghosts
  2 vampire mosquitoes (D:12)
  Menkaure (D:5)
  3 swamp worms (Lair:2)
  2 wargs (Lair:3)
  8 water moccasins
  2 soldier ants
  Duvessa (D:7)
  8 porcupines
  4 sky beasts
  4 phantoms
  2 orc warriors
  4 slaves (D:5)
  5 black bears
  An eye of draining (D:12)
  An ice beast (D:10)
  2 necrophages
  8 ogres
  5 centaurs
  22 wolves
  8 crocodiles
  3 big kobolds
  15 bullfrogs
  A gnoll sergeant (D:11)
  A water moccasin zombie (D:6)
  A water moccasin skeleton (D:5)
  3 scorpions
  Dowan (D:7)
  10 killer bees
  9 wights
  5 howler monkeys
  8 electric eels
  3 crimson imps
  2 centaur zombies
  2 quasits
  A bullfrog zombie (D:6)
  7 hounds
  3 bullfrog skeletons
  4 jellies
  Crazy Yiuf (D:4)
  3 orc priests
  16 orc wizards
  8 iguanas
  8 worker ants
  A hound zombie (D:10)
  Robin (D:4)
  9 gnolls
  13 adders
  2 shadow imps
  2 oozes
  An adder skeleton (D:8)
  An adder zombie (D:10)
  3 worms (D:3)
  4 dart slugs
  11 leopard geckos
  53 orcs
  4 ball pythons
  4 bats
  10 giant cockroaches
  13 goblins
  10 hobgoblins
  4 jackals (D:3)
  16 kobolds
  6 quokkas
  5 frilled lizards (D:1)
  A leopard gecko zombie (D:6)
  7 rats
  A fungus (Lair:2)
  9 plants
521 creatures vanquished.

Vanquished Creatures (collateral kills)
  4 dire elephants (Lair:6)
  A merfolk impaler (Shoals:1)
  A rime drake (Lair:6)
  A phantom (D:4)
  A centaur (D:11)
  A leopard gecko (D:4)
  An orc (D:6)
  A plant (Lair:6)
11 creatures vanquished.

Vanquished Creatures (others)
  A dire elephant (Lair:6)
  5 fungi
  14 plants
  A withered plant (Gauntlet)
21 creatures vanquished.

Grand Total: 553 creatures vanquished

Notes
Turn   | Place    | Note
-------+----------+-------------------------------------------
     0 | D:1      | Exodus22XD the Deep Elf Wizard began the quest for the Orb.
     0 | D:1      | Reached XP level 1. HP: 10/10 MP: 7/7
   343 | D:1      | Reached XP level 2. HP: 15/15 MP: 7/9
   794 | D:1      | Reached XP level 3. HP: 19/19 MP: 8/10
  1150 | D:2      | Found a glowing silver altar of Zin.
  1299 | D:2      | Noticed an ogre
  1370 | D:2      | Found a stormy altar of Qazlal.
  1370 | D:2      | Found a white marble altar of Elyvilon.
  1371 | D:2      | Found an iron altar of Okawaru.
  1799 | D:3      | Reached XP level 4. HP: 24/24 MP: 3/12
  1916 | D:3      | Learned a level 2 spell: Call Imp
  1919 | D:3      | Learned a level 2 spell: Blink
  1923 | D:3      | Learned a level 3 spell: Conjure Flame
  1927 | D:3      | Learned a level 3 spell: Mephitic Cloud
  2141 | D:2      | Killed an ogre
  2141 | D:2      | Reached XP level 5. HP: 28/28 MP: 6/13
  2941 | D:3      | Reached skill level 1 in Fire Magic
  3414 | D:4      | Reached XP level 6. HP: 23/32 MP: 3/14
  3924 | D:4      | Noticed Robin
  3932 | D:4      | Killed Robin
  4088 | D:4      | Found a burning altar of Makhleb.
  4286 | D:4      | Reached skill level 5 in Fire Magic
  4377 | D:4      | Reached XP level 7. HP: 36/36 MP: 8/16
  4463 | D:4      | Found a runed translucent door.
  4464 | D:4      | Noticed Crazy Yiuf
  4477 | D:4      | Killed Crazy Yiuf
  4477 | D:4      | Reached skill level 5 in Spellcasting
  4604 | D:4      | Found a shimmering altar of Xom.
  4699 | D:5      | Entered Level 5 of the Dungeon
  4747 | D:5      | Noticed Menkaure
  4779 | D:5      | Killed Menkaure
  4779 | D:5      | Reached skill level 6 in Spellcasting
  5085 | D:5      | Found a bloodstained altar of Trog.
  5260 | D:5      | Reached skill level 5 in Conjurations
  5343 | D:5      | Learned a level 2 spell: Poisonous Vapours
  5353 | D:5      | Noticed Edmund
  5363 | D:5      | Reached skill level 1 in Poison Magic
  5368 | D:5      | Noticed Edmund
  5368 | D:5      | Edmund changed into Edmund the ooze
  5368 | D:5      | Killed Edmund the ooze
  5524 | D:5      | Found a snail-covered altar of Cheibriados.
  5556 | D:5      | Noticed Pikel
  5591 | D:5      | Killed Pikel
  5591 | D:5      | Reached XP level 8. HP: 35/41 MP: 1/19
  5810 | D:5      | Found an ornate altar of the Wu Jian Council.
  6400 | D:6      | Found a staircase to the Ecumenical Temple.
  6429 | Temple   | Entered the Ecumenical Temple
  6437 | Temple   | Became a worshipper of Vehumet
  6898 | D:6      | Reached XP level 9. HP: 45/45 MP: 9/20
  7245 | D:6      | Found a snail-covered altar of Cheibriados.
  7401 | D:6      | Reached * piety under Vehumet
  7401 | D:6      | Offered knowledge of Flame Tongue by Vehumet.
  8783 | D:7      | Noticed Duvessa
  8783 | D:7      | Noticed Dowan
  8793 | D:7      | Killed Dowan
  8800 | D:7      | Killed Duvessa
  8800 | D:7      | Reached skill level 10 in Conjurations
  9408 | D:7      | Reached skill level 7 in Spellcasting
  9793 | D:8      | Found a deep blue altar of Sif Muna.
  9895 | D:8      | Reached ** piety under Vehumet
  9895 | D:8      | Offered knowledge of Throw Frost by Vehumet.
  9895 | D:8      | Reached skill level 8 in Spellcasting
 10154 | D:8      | Found Pybrik's Assorted Antiques.
 10175 | D:8      | Found Xomish's Jewellery Boutique.
 10183 | D:8      | Bought an uncursed ring of magical power for 240 gold
                  | pieces
 10194 | D:8      | Found Hakhimas's Gadget Emporium.
 10225 | D:8      | Found Puirym's Book Boutique.
 10467 | D:9      | Reached skill level 9 in Spellcasting
 10527 | D:9      | Noticed Joseph
 10777 | D:9      | Reached XP level 10. HP: 44/50 MP: 25/25
 10830 | D:9      | Reached skill level 10 in Spellcasting
 11365 | D:9      | Killed Joseph
 11880 | D:9      | Offered knowledge of Searing Ray by Vehumet.
 12028 | D:9      | Learned a level 2 spell: Searing Ray
 12160 | D:10     | Entered Level 10 of the Dungeon
 12572 | D:10     | Found Ponetu's Book Emporium.
 12586 | D:10     | Found Haaciefa's Assorted Antiques.
 12743 | D:10     | Reached *** piety under Vehumet
 13133 | D:10     | Reached skill level 10 in Fire Magic
 13159 | D:10     | Offered knowledge of Force Lance by Vehumet.
 13400 | D:10     | Found Lazosug's Jewellery Emporium.
 13781 | D:10     | Reached skill level 1 in Air Magic
 13988 | D:11     | Noticed Psyche
 14001 | D:11     | Killed Psyche
 14069 | D:11     | Reached XP level 11. HP: 43/54 MP: 27/27
 14293 | D:11     | Found a staircase to the Orcish Mines.
 14498 | D:11     | Noticed an oklob plant
 14511 | D:11     | Killed an oklob plant
 14511 | D:11     | Reached **** piety under Vehumet
 14681 | D:11     | Found a staircase to the Lair.
 15077 | D:11     | Noticed Snorg
 15087 | D:11     | Killed Snorg
 15087 | D:11     | Reached skill level 5 in Air Magic
 15220 | D:11     | Noticed a five-headed hydra
 15230 | D:11     | Killed a five-headed hydra
 15460 | D:11     | Offered knowledge of Ignite Poison by Vehumet.
 16089 | D:11     | Learned a level 4 spell: Olgreb's Toxic Radiance
 16093 | D:11     | Learned a level 3 spell: Ignite Poison
 16094 | Lair:1   | Entered Level 1 of the Lair of Beasts
 16149 | Lair:1   | Found a gate leading to a gauntlet.
 16195 | Gauntlet | Entered a Gauntlet
 16195 | Gauntlet | Found a transporter.
 16195 | Gauntlet | Found a transporter.
 16195 | Gauntlet | Noticed a fire crab
 16195 | Gauntlet | Noticed a fire crab
 16201 | Gauntlet | Found a transporter.
 16204 | Gauntlet | Found a transporter.
 16204 | Gauntlet | Found a transporter.
 16204 | Gauntlet | Found a transporter.
 16213 | Gauntlet | Noticed a death scarab
 16214 | Gauntlet | Found a transporter.
 16218 | Gauntlet | Found a transporter.
 16228 | Gauntlet | Found a transporter.
 16237 | Gauntlet | Noticed a death scarab
 16243 | Gauntlet | Noticed a death scarab
 16326 | Gauntlet | Noticed a harpy
 16332 | Gauntlet | Found a transporter.
 16334 | Gauntlet | Found a transporter.
 16342 | Gauntlet | Found a transporter.
 16343 | Gauntlet | Found the +3 pair of gauntlets of War {Slay+5}
 16580 | Lair:1   | Noticed a six-headed hydra
 16589 | Lair:1   | Killed a six-headed hydra
 16840 | Lair:1   | Noticed Grum
 16845 | Lair:1   | Killed Grum
 18062 | D:12     | Reached skill level 10 in Air Magic
 18120 | D:12     | Reached XP level 12. HP: 26/59 MP: 28/28
 18376 | D:12     | Reached skill level 5 in Summonings
 18760 | D:12     | Reached ***** piety under Vehumet
 18833 | D:12     | Found a deep blue altar of Sif Muna.
 19010 | D:12     | Offered knowledge of Lightning Bolt by Vehumet.
 19356 | D:13     | Noticed a two-headed ogre
 19554 | D:8      | Bought Guxtig's Tome of Harmful Evil Magic for 690 gold
                  | pieces
 20450 | Lair:2   | Reached skill level 10 in Summonings
 20573 | Lair:2   | Got a pair of brightly glowing gloves
 20584 | Lair:2   | Identified the cursed -7 pair of gloves of Daisies {rC+}
                  | (You found it on level 2 of the Lair of Beasts)
 22295 | Lair:3   | Noticed a four-headed hydra
 22301 | Lair:3   | Killed a four-headed hydra
 22354 | Lair:3   | Identified 2 scrolls of acquirement
 22360 | Lair:3   | Identified Sif Muna's Reference Book on Igneous Moulding
                  | (You acquired it on level 3 of the Lair of Beasts)
 22923 | Lair:4   | Reached XP level 13. HP: 63/63 MP: 29/29
 23046 | Lair:4   | Reached skill level 11 in Spellcasting
 23142 | Lair:4   | Offered knowledge of Orb of Destruction by Vehumet.
 23164 | Lair:4   | Found a hole to the Spider Nest.
 23489 | Lair:4   | Reached skill level 12 in Spellcasting
 24113 | Lair:4   | Found a staircase to the Shoals.
 24222 | Lair:5   | Reached skill level 13 in Spellcasting
 24358 | Lair:5   | Found a staircase to the Slime Pits.
 25120 | Lair:6   | Entered Level 6 of the Lair of Beasts
 25253 | Lair:6   | Reached skill level 14 in Spellcasting
 26511 | Lair:6   | Reached skill level 15 in Spellcasting
 26527 | Lair:6   | Learned a level 7 spell: Spellforged Servitor
 26536 | Lair:6   | Learned a level 7 spell: Orb of Destruction
 27205 | Lair:6   | Noticed a dire elephant
 27205 | Lair:6   | Noticed a dire elephant
 27208 | Lair:6   | Noticed a dire elephant
 27233 | Lair:6   | Noticed a dire elephant
 27247 | Lair:6   | Killed a dire elephant
 27247 | Lair:6   | Noticed a dire elephant
 27251 | Lair:6   | Killed a dire elephant
 27266 | Lair:6   | Noticed a dire elephant
 27277 | Lair:6   | Killed a dire elephant
 27338 | Lair:6   | Killed a dire elephant
 27338 | Lair:6   | Reached XP level 14. HP: 68/68 MP: 2/35
 27738 | Lair:4   | Learned a level 4 spell: Leda's Liquefaction
 27740 | Shoals:1 | Entered Level 1 of the Shoals
 27745 | Shoals:1 | Reached skill level 1 in Earth Magic
 27752 | Shoals:1 | Mangled by a merfolk

Skill      XL: |  1  2  3  4  5  6  7  8  9 10 11 12 13 14 |
---------------+-------------------------------------------+-----
Conjurations   | 2 3 4 5 8 10 11 12 | 12.8
Summonings     | 3 4 10 | 10.7
Fire Magic     | 2 5 10 | 10.5
Spellcasting   | 6 9 10 15 | 15.7
Poison Magic   | 6 |  6.0
Air Magic      | 2 10 | 10.3
Earth Magic    | 1 |  1.1
Staves         | |  0.1
Dodging        | |  2.4
Stealth        | |  2.4
Translocations | |  1.1
Transmutations | |  0.6

Action                   |  1- 3 |  4- 6 |  7- 9 | 10-12 | 13-15 || total
-------------------------+-------+-------+-------+-------+-------++-------
Melee: Short sword       |     1 |    18 |       |       |       ||    19
       Quarterstaff      |       |       |    37 |     2 |       ||    39
 Cast: Magic Dart        |    93 |   150 |   310 |   277 |     4 ||   834
       Conjure Flame     |       |     7 |    43 |    69 |    14 ||   133
       Mephitic Cloud    |       |     3 |    12 |    73 |    39 ||   127
       Blink             |       |     1 |     5 |    10 |     8 ||    24
       Call Imp          |       |    11 |     7 |     5 |       ||    23
       Poisonous Vapours |       |       |    24 |    89 |    18 ||   131
       Searing Ray       |       |       |       |    91 |    37 ||   128
       Ignite Poison     |       |       |       |    52 |    48 ||   100
       Olgreb's Toxic Ra |       |       |       |    28 |    32 ||    60
       Spellforged Servi |       |       |       |       |    12 ||    12
       Orb of Destructio |       |       |       |       |     8 ||     8
Evoke: Wand              |       |       |     8 |     4 |       ||    12
  Use: Scroll            |       |     8 |     2 |    13 |     5 ||    28
       Potion            |       |       |     5 |     2 |       ||     7
 Stab: Confused          |       |       |     3 |     1 |       ||     4
  Eat: Chunk             |     2 |     9 |    16 |    27 |    13 ||    67
       Ration            |       |       |     1 |     3 |     2 ||     6
Armor: Robe              |       |    16 |    57 |    34 |     8 ||   115
Dodge: Dodged            |     7 |    34 |   121 |   117 |    22 ||   301
